 Dungeon Crawl Stone Soup version 0.18.1-48-g4cf74bf (webtiles) character file.

97 Krapule the Insei (level 4, -2/24 HPs)
             Began as a Vine Stalker Monk on July 25, 2016.
             Slain by an ogre
             ... wielding a +0 giant club
              (12 damage)
             ... on level 3 of the Dungeon.
             The game lasted 00:05:07 (1962 turns).

Krapule the Insei (Vine Stalker Monk)               Turns: 1962, Time: 00:05:09

Health: -2/24      AC:  3    Str: 13    XL:     4   Next: 68%
Magic:  0/14       EV: 13    Int: 10    God:
Gold:   105        SH:  0    Dex: 18    Spells: 0 memorised, 3 levels left

rFire  . . .     SeeInvis .       - Unarmed
rCold  . . .     Gourm    .     a - +0 robe
rNeg   . . .     Faith    .     (no shield)
rPois  .         Spirit   +     (no helmet)
rElec  .         Dismiss  .     d - +0 cloak (curse)
rCorr  .         Reflect  .     (no gloves)
SustAt .         Harm     .     (no boots)
MR     +....                    m - amulet of regeneration
Stlth  +++.......               i - ring of protection from magic
                                r - ring of magical power

@: somewhat resistant to hostile enchantments, fairly stealthy
A: fangs 2, regeneration 1, magic shield, antimagic bite, no device heal 3, rot
immunity
a: no special abilities


You were on level 3 of the Dungeon.
You were not hungry.

You visited 1 branch of the dungeon, and saw 3 of its levels.

You collected 105 gold pieces.

Inventory:

Armour
 a - a +0 robe (worn)
 d - a cursed +0 cloak (worn)
Jewellery
 h - an uncursed ring of protection from cold
 i - a ring of protection from magic (right hand)
 m - an amulet of regeneration (around neck)
 r - a ring of magical power (left hand)
Wands
 t - a wand of paralysis (11/24)
Scrolls
 c - a scroll of immolation {unknown}
 e - a scroll of recharging {unknown}
 f - a scroll of blinking {unknown}
 j - a scroll of magic mapping {unknown}
 l - 2 scrolls of remove curse {unknown}
 p - a scroll of enchant armour {unknown}
 v - a scroll of fog {unknown}
Potions
 k - a potion of degeneration {unknown}
 n - 2 potions of flight {unknown}
 o - a potion of brilliance {unknown}
 q - a potion of heal wounds {unknown}
 s - a potion of agility {unknown}
Comestibles
 b - 3 bread rations
 g - 2 meat rations
 u - 3 chunks of flesh


   Skills:
 + Level 3.4 Fighting
 + Level 0.5 Armour
 + Level 2.9 Dodging
 - Level 3.0 Stealth
 + Level 4.6 Unarmed Combat


You had 3 spell levels left.
You didn't know any spells.

Dungeon Overview and Level Annotations

Branches:
Dungeon (3/15)

Altars:
Makhleb
Pakellas


Innate Abilities, Weirdness & Mutations

You have extremely sharp teeth.
Your natural rate of healing is unusually fast.
When hurt, damage is shared between your health and your magic reserves.
Your bite disrupts and absorbs the magic of your enemies.
Potions and wands cannot restore your health.
You are immune to rotting.


Message History

You hit the ogre. You bite the ogre. You drain its power.
You feel invigorated.
The ogre is moderately wounded.
A jackal comes into view.
The jackal barks!
You hit the ogre. You bite the ogre. You drain its power.
You feel invigorated.
The ogre is heavily wounded.
The ogre hits you with a giant club!
You hit the ogre.
The ogre is severely wounded.
The ogre barely misses you.
You barely miss the ogre.
The ogre is severely wounded.
A jackal comes into view.
You hit the ogre but do no damage. You bite the ogre. You drain its power.
You feel invigorated.
The ogre is almost dead.
The ogre hits you with a giant club. The jackal closely misses you.
The ogre hits you with a giant club!!
Ouch! That really hurt!
You die...

#. ..# ..#
#.#### #$#.$ #
#.#.# #.
#.####.#.####
#.##..h...hO...#
#
..........#@##.#
#..#.##.###..#.#
#..#.##.# #..#..
#..#.##.#
#..####
#.#..#.##.###..#
#.#...(........#
#.##.#.##...#.##
#.##.#.####.#.#
#......# #.#.#


You could see an ogre and 2 jackals.

Vanquished Creatures
  3 adders (D:2)
  An ooze (D:2)
  2 worms (D:2)
  2 dart slugs (D:1)
  A giant gecko (D:2)
  A ball python (D:2)
  3 giant cockroaches
  7 goblins
  4 hobgoblins
  6 jackals
  A quokka (D:2)
  8 bats
  2 giant newts (D:1)
  5 kobolds
  6 rats
52 creatures vanquished.

Notes
Turn   | Place    | Note
--------------------------------------------------------------
     0 | D:1      | Krapule the Vine Stalker Monk began the quest for the Orb.
     0 | D:1      | Reached XP level 1. HP: 11/11 MP: 2/2
    77 | D:1      | Reached XP level 2. HP: 10/16 MP: 1/3
   518 | D:1      | Reached XP level 3. HP: 10/19 MP: 4/4
   890 | D:2      | Found an oddly glowing altar of Pakellas.
   903 | D:2      | Found a burning altar of Makhleb.
  1133 | D:2      | Reached XP level 4. HP: 17/24 MP: 3/5
  1952 | D:3      | Noticed an ogre
  1962 | D:3      | Slain by an ogre

Skill      XL: |  1  2  3 |
---------------+----------+-----
Fighting       | 3 |  3.4
Stealth        | 3 |  3.0
Armour         | |  0.5
Dodging        | |  2.9
Unarmed Combat | |  4.6

Action                   |  1- 3 |  4- 6 || total
-------------------------+-------+-------++-------
Melee: Unarmed           |   102 |    67 ||   169
       Bite              |    23 |    19 ||    42
       Punch             |     2 |     1 ||     3
 Stab: Sleeping          |     5 |     3 ||     8
       Distracted        |     1 |       ||     1
  Eat: Chunk             |     1 |     2 ||     3
Armor: Robe              |    20 |    11 ||    31
Dodge: Dodged            |    56 |    38 ||    94
